 Dungeon Crawl Stone Soup version 0.22-a0-603-gfc1114d (console) character file.

7 Goblin1989 the Ducker (level 1, -1/10 HPs)
             Began as a Felid Chaos Knight on July 7, 2018.
             Slain by a gnoll (6 damage)
             ... on level 1 of the Dungeon.
             The game lasted 00:00:22 (165 turns).

Goblin1989 the Ducker (Felid Chaos Knight)           Turns: 165, Time: 00:00:22

Health: -1/10      AC:  1    Str:  8    XL:     1   Next: 83%
Magic:  2/2        EV: 18    Int: 13    God:    Xom [......]
Gold:   7          SH:  0    Dex: 15    Spells: 0/0 levels left
                                        Lives:  0   Deaths: 0

rFire    . . .     SeeInvis +     - Unarmed
rCold    . . .     Gourm    .   (shield unavailable)
rNeg     . . .     Faith    .   (armour unavailable)
rPois    .         Spirit   .   (helmet unavailable)
rElec    .         Reflect  .   (cloak unavailable)
rCorr    .         Harm     .   (gloves unavailable)
MR       .....                  (boots unavailable)
Stlth    ++........             (no amulet)
HPRegen  0.03/turn              (no ring)
MPRegen  0.08/turn              (no ring)

@: quick
A: very small, no armour, no weapons or thrown items, stealth, claws 1, fangs 3,
see invisible, carnivore, speed 1, shaggy fur 1, slow metabolism 1, sharp paws
a: Renounce Religion


You were on level 1 of the Dungeon.
You worshipped Xom.
You were a very special plaything of Xom.
You were not hungry.

You visited 1 branch of the dungeon, and saw 1 of its levels.

You collected 7 gold pieces.

Inventory:

Scrolls
 f - a scroll of enchant armour {unknown}
 g - a scroll of enchant weapon {unknown}
Comestibles
 e - 2 rations


   Skills:
 + Level 3.1 Fighting
 + Level 3.3 Dodging
 + Level 0.8 Stealth
 * Level 3.2 Unarmed Combat


You couldn't memorise any spells.
You didn't know any spells.
Your spell library was empty.

Dungeon Overview and Level Annotations

Branches:
Dungeon (1/15)

Altars:


Innate Abilities, Weirdness & Mutations

You cannot wear armour.
You are incapable of wielding weapons or throwing items.
Your paws allow you to move quietly. (Stealth)
You have sharp claws.
You have razor-sharp teeth.
You have supernaturally acute eyesight. (SInv)
You are carnivorous and can eat meat at any time.
You cover ground quickly.
You are covered in fur. (AC +1)
You have a slow metabolism.
Your sharp claws are effective at attacking unaware monsters.


Message History

The bat is severely wounded.
The bat completely misses you. The bat misses you.
The bat hits you but does no damage.
You scratch the bat.
You kill the bat!
No target in view!
No target in view!
No target in view!
No target in view!
No target in view!
No target in view!
No target in view!
No target in view!
No target in view!
HP restored.
You butcher the bat corpse.
f - a chunk of flesh Eating a chunk of flesh.
You eat the chunk of flesh.
This raw flesh tastes great.
e - 2 rations (gained 1) Health restored: 10
f - a scroll labeled GULOPUMALI Key pressed, stopping explore.
A rat comes into view.
The helpless rat fails to defend itself.
You scratch the rat.
You kill the rat!
No target in view!
No target in view!
No target in view!
No target in view!
No target in view!
No target in view!
No target in view!
No target in view!
No target in view!
No target in view!
No target in view!
No target in view!
No target in view!
You now have 7 gold pieces.
Key pressed, stopping explore.
A goblin comes into view. It is wielding a club.
A goblin is nearby!
A hobgoblin comes into view.
The hobgoblin shouts!
The goblin shouts!
The goblin closely misses you.
You scratch the goblin.
You kill the goblin!
The hobgoblin misses you.
You barely miss the hobgoblin. The hobgoblin closely misses you.
You closely miss the hobgoblin. The hobgoblin barely misses you.
You scratch the hobgoblin.
The hobgoblin is moderately wounded.
The hobgoblin barely misses you.
You scratch the hobgoblin.
You kill the hobgoblin!
No target in view!
No target in view!
No target in view!
No target in view!
No target in view!
No target in view!
No target in view!
No target in view!
No target in view!
No target in view!
No target in view!
No target in view!
No target in view!
No target in view!
No target in view!
No target in view!
No target in view!
No target in view!
No target in view!
No target in view!
No target in view!
g - a scroll labeled LUSURU WUYRES A gnoll comes into view.
The gnoll shouts!
You see here a scroll labeled ULYDIKUJO.
You scratch the gnoll. Your bite misses the gnoll.
The gnoll is lightly wounded.
You almost hear Xom's maniacal laughter.
The world around you seems to dim momentarily.
You are now a very special plaything of Xom.
The gnoll hits you.
You emit a cloud of colourful smoke!
You take 2 damage, and have 8/10 hp.
You scratch the gnoll.
The gnoll is moderately wounded.
The gnoll hits you.
* * * LOW HITPOINT WARNING * * *
You take 3 damage, and have 5/10 hp.
MASSIVE DAMAGE!!
You closely miss the gnoll.
The gnoll is moderately wounded.
The gnoll hits you.
Ouch! That really hurt!
You die...

██ .. █. ██ █.
..▲ █ █.█████.██
█ █§..$..... ██
█..█§§§).█ █.
█...g@§..█ █.
██.█████.█ █.
█......)█ ██
█████...█ █.█...█
█.█.......
█.█.......
█.███████████████
█................


You could see a gnoll.

Vanquished Creatures
  2 bats (D:1)
  A goblin (D:1)
  A hobgoblin (D:1)
  A frilled lizard (D:1)
  A rat (D:1)
6 creatures vanquished.

Notes
Turn   | Place    | Note
-------+----------+-------------------------------------------
     0 | D:1      | Goblin1989 the Felid Chaos Knight began the quest for the Orb.
     0 | D:1      | Reached XP level 1. HP: 10/10 MP: 2/2
   163 | D:1      | XOM: harmless Necr miscast
   163 | D:1      | XOM: smoke on damage
   165 | D:1      | Slain by a gnoll

Vault maps used:
D:1:      scummos_arrival_hexagon, solitary_fountain, minmay_pentomino_o4

Action                   || total
-------------------------++-------
Melee: Unarmed           ||    18
       Bite              ||     2
       Punch             ||     1
 Stab: Sleeping          ||     1
  Eat: Chunk             ||     1
Armor: Skin              ||     1
Dodge: Dodged            ||    18

Table legend:
 A = Spawn XP
 B = Non-spawn XP
 C = Spawn XP percentage of total XP
 D = Spawn monster count
 E = Non-spawn monster count
 F = Spawn count percentage of total count
 G = Total turns spent on level
                    A         B        C        D         E        F      G
               +---------+---------+-------+---------+---------+-------+---------
         Total |       0 |      10 |   0.0 |       0 |       6 |   0.0 |   165
               +---------+---------+-------+---------+---------+-------+---------
           D:1 |       0 |      10 |   0.0 |       0 |       6 |   0.0 |   165
               +---------+---------+-------+---------+---------+-------+---------

Vault maps used:
D:1:      scummos_arrival_hexagon, solitary_fountain, minmay_pentomino_o4
